Match 44478686
Unlisted

Match 44478686
End
Construct Infanterie Kompanie
Selects Breakthrough Battlegroup
Selects Assault Grenadiers
Grenadier Squad
Grenadier Squad
MG 42 Machine Gun Team
Grenadier Squad
Infanterie Officer Quarters
Construct Luftwaffe Kompanie
Selects Breakthrough
Jäger Squad
Support Elements
Selects Mechanized Assault Group
Wirbelwind Flakpanzer
pagep
7k this year for sure
mongman
Titoo
0
0

Comments sign in to comment!

No comments posted yet!